 Dungeon Crawl Stone Soup version 0.23.2-1-ga50397a (webtiles) character file.

Game seed: 7417007142686663989

63056 Luthien the Devastator (level 14, -27/78 HPs)
             Began as a Deep Elf Wizard on Apr 20, 2019.
             Was a High Priest of Vehumet.
             Killed from afar by Frances (54 damage)
             ... with an iron shot
             ... on level 14 of the Dungeon.
             The game lasted 04:48:34 (38538 turns).

Luthien the Devastator (Deep Elf Wizard)           Turns: 38538, Time: 04:48:35

Health: -27/78     AC:  8    Str:  4    XL:     14   Next: 66%
Magic:  11/34      EV: 15    Int: 25    God:    Vehumet [*****.]
Gold:   1032       SH:  8    Dex: 17    Spells: 20/41 levels left

rFire    . . .     SeeInvis .   j - staff of conjuration
rCold    . . .     Gourm    +   L - +0 shield
rNeg     . . .     Faith    .   n - +2 robe {MR+}
rPois    .         Spirit   .   v - +0 helmet (curse)
rElec    .         Reflect  .   o - scarf {repulsion}
rCorr    .         Harm     .   W - +2 pair of gloves
MR       ++...                  (no boots)
Stlth    +++++.....             R - amulet of the gourmand
HPRegen  0.23/turn              y - +3 ring of slaying
MPRegen  0.24/turn              I - ring of stealth

@: repel missiles
A: no striking features
a: Renounce Religion


You were on level 14 of the Dungeon.
You worshipped Vehumet.
Vehumet was extremely pleased with you.
You were very full.

You visited 4 branches of the dungeon, and saw 22 of its levels.
You also visited: Sewer.

You collected 1828 gold pieces.
You spent 796 gold pieces at shops.

Inventory:

Hand Weapons
 l - a +2 dagger of speed
 D - a +1 hunting sling of flaming
Missiles
 f - 454 arrows
 t - 685 stones (quivered)
 F - 101 sling bullets
 G - 119 bolts
Armour
 b - a +0 buckler
 i - a +2 robe of positive energy
 n - a +2 robe of magic resistance (worn)
 o - a scarf of repulsion (worn)
 v - a cursed +0 helmet (worn)
 L - a +0 shield (worn)
 M - a +2 robe of cold resistance
 T - a +0 buckler
 W - a +2 pair of gloves (worn)
 X - a +0 cloak
Magical Staves
 j - an uncursed staff of conjuration (weapon)
 z - an uncursed staff of energy
Jewellery
 a - the ring "Afolum" {Wiz *Contam rF+ Int+3 Slay+4, unknown}
   (You found it on level 9 of the Dungeon)

   [ring of wizardry]

   It improves your spell success rate.
   It affects your intelligence (+3).
   It affects your accuracy and damage with ranged weapons and melee attacks
   (+4).
   It protects you from fire.
   It causes magical contamination when unequipped.
 p - an uncursed amulet of regeneration
 y - a +3 ring of slaying (left hand)
 I - a ring of stealth (right hand)
 R - an amulet of the gourmand (around neck)
Wands
 x - a wand of iceblast (26)
 C - a wand of paralysis (11)
 U - a wand of flame (55)
 Z - a wand of disintegration (33)
Scrolls
 c - 2 scrolls of holy word
 e - a scroll of enchant weapon
 m - 10 scrolls of remove curse
 r - 7 scrolls of identify
 s - 3 scrolls of blinking
 u - 2 scrolls of silence
 B - 2 scrolls of magic mapping {unknown}
 E - a scroll of enchant armour
 H - a scroll of amnesia
 K - a scroll of fog
 O - 4 scrolls of teleportation
 Q - a scroll of acquirement {unknown}
 S - 2 scrolls of fear
Potions
 g - 10 potions of curing
 h - a potion of berserk rage
 k - a potion of haste
 q - 7 potions of brilliance
 w - 2 potions of might
 A - 6 potions of magic
 J - 2 potions of resistance
 N - 4 potions of flight
 P - a potion of agility
Comestibles
 d - 37 rations


   Skills:
 - Level 5.0 Fighting
 - Level 7.0 Dodging
 - Level 7.0 Stealth
 - Level 4.0 Shields
 - Level 14.0 Spellcasting
 + Level 20.9 Conjurations
 - Level 3.0 Summonings
 - Level 3.0 Translocations


You had 20 spell levels left.
You knew the following spells:

 Your Spells              Type           Power        Failure   Level  Hunger
a - Magic Dart            Conj           ####         0%          1    None
b - Blink                 Tloc           N/A          6%          2    None
c - Call Imp              Summ           ####....     6%          2    None
d - Teleport Other        Tloc           ####....     12%         3    None
e - Iskenderun's Mystic   Conj           ########     1%          4    None
f - Fulminant Prism       Conj/Hex       #######...   1%          4    None
g - Iskenderun's Battles  Conj/Chrm      #######.     1%          5    ##.....

Your spell library contained the following spells:

 Spells                   Type           Power        Failure   Level  Hunger
 Yara's Violent Unravell  Hex/Tmut       ###.......   63%         5    ##.....
 Searing Ray              Conj           ######       0%          2    None
 Throw Frost              Conj/Ice       ######       1%          2    None
 Conjure Flame            Conj/Fire      #######.     1%          3    None
 Dazzling Spray           Conj/Hex       ######       1%          3    None
 Mephitic Cloud           Conj/Pois/Air  ######..     1%          3    None
 Force Lance              Conj/Tloc      #######.     1%          4    None
 Throw Icicle             Conj/Ice       #######.     1%          4    None
 Freeze                   Ice            ###.         3%          1    None
 Shroud of Golubria       Chrm/Tloc      ####......   11%         2    None
 Infusion                 Chrm           ###.         13%         1    None
 Corpse Rot               Necr           N/A          21%         2    None
 Slow                     Hex            ###.....     21%         2    None
 Song of Slaying          Chrm           ###.....     21%         2    None
 Ozocubu's Armour         Chrm/Ice       ###.....     36%         3    None
 Regeneration             Chrm/Necr      ###.......   36%         3    None
 Spectral Weapon          Hex/Chrm       ###.....     36%         3    None
 Passage of Golubria      Tloc           N/A          36%         4    None
 Summon Ice Beast         Ice/Summ       ####....     56%         4    None
 Excruciating Wounds      Chrm/Necr      ###.......   98%         5    ##.....


Dungeon Overview and Level Annotations

Branches:
Dungeon (14/15)            Temple (1/1) D:6            Lair (5/6) D:9
 Shoals (0/4) Lair:3       Spider (0/4) Lair:3          Orc (2/2) D:10
    Elf (0/3) Orc:2        Vaults (0/5) D:13
  Slime: Lair:5-6

Altars:
Ashenzari
Cheibriados
Dithmenos
Elyvilon
Fedhas
Gozag
Hepliaklqana
Kikubaaqudgha
Makhleb
Nemelex Xobeh
Okawaru
Qazlal
Ru
Sif Muna
Trog
Uskayaw
Vehumet
Wu Jian
Xom
Yredelemnul
Zin
The Shining One
Beogh
Jiyva

Shops:
D:5 !   D:9 =   D:11 [   Orc:2 (![:?(

Annotations:
D:14 1 runed translucent door, Borgoz's ghost, journeyman GrGl; Frances
Lair:4 3 runed translucent doors, Aske's ghost, journeyman GrGl
Orc:2 1 runed translucent door, Dustman's ghost, journeyman HuGl


Message History

Confirm with . or Enter, or press ? or * to list all spells.
Aiming: Fulminant Prism (safe; 1% risk of failure)
Press: ? - help, Dir - move target cursor You feel a surge of power!
You conjure a prism of explosive energy!
Frances hits your fulminant prism with a +0 trident.
Frances screams a word of power!
Your fulminant prism crackles loudly.
The orange demon disappears in a puff of smoke!
Frances is engulfed in a cloud of scalding steam.
Frances says, "I am undefeated in single-handed combat."
Frances mutters in a terrible tongue.
The iron shot hits you!! Something hits your crimson imp.
Something corrodes your crimson imp!
Your crimson imp blinks!
Frances is engulfed in a cloud of scalding steam.
Frances mutters in a terrible tongue.
The iron shot hits you!!!
Ouch! That really hurt!
You die...

#.# #..# #W%[#.#### ≈#.#≈
########.####+##....# #≈#.#≈#
#.......5..#...####'## #≈#.#≈#
#..........##.##.#...### #≈#.#≈#
#..........##....#.#.@.. #≈###≈#
#..........#####.#.#.###
#.........4..###.###.#
#..........@§.§......#
#######@###*34...##### ##### ##.#
#.._.......# ##'#.# #..#
#.....###### .....###
######'####.....# .....'.#
#........#.).####
.....#.###........#.###
.....#..##........'..#
.....##.##........##.#######
.....##.##........##.......######


You could see Frances, an ice devil and a friendly crimson imp.

Vanquished Creatures
  Josephine (D:12)
  A great orb of eyes (D:9)
  5 vault guards (D:13)
  2 hydras
  2 centaur warriors (D:14)
  The ghost of shugdite the Bludgeoner, a novice MiFi of Okawaru (D:9)
  3 two-headed ogres
  2 ogre magi (Orc:2)
  A dancing weapon (D:9)
  A deep elf knight (D:13)
  Nergalle (D:12)
  Sonja (Lair:4)
  A skeletal warrior (D:12)
  A deep elf archer (D:13)
  2 unseen horrors
  An orc knight (Orc:2)
  12 orc sorcerers
  2 deep elf magi (D:13)
  2 manticores
  11 ugly things
  A cyclops (Orc:1)
  4 elephants (Lair:4)
  Psyche (D:8)
  7 spiny frogs
  A kobold demonologist (D:12)
  A rime drake (Lair:5)
  A komodo dragon (shapeshifter) (D:14)
  2 komodo dragons
  2 tengu conjurers
  7 trolls
  11 slime creatures
  A hornet (D:11)
  13 blink frogs
  7 hippogriffs
  10 dream sheep
  2 wyverns
  A shadow (D:12)
  A human (D:13)
  5 wraiths
  A basilisk (Lair:1)
  40 yaks
  4 hungry ghosts
  6 vampire mosquitoes
  2 wargs
  7 water moccasins
  3 porcupines
  An acid dragon (D:13)
  14 orc warriors
  5 sky beasts
  2 ice beasts (D:11)
  4 phantoms
  11 ogres
  A necrophage (D:10)
  8 centaurs
  2 crocodiles
  2 big kobolds
  8 bullfrogs
  A gnoll sergeant (D:10)
  A wyvern skeleton (D:13)
  4 scorpions
  2 troll zombies (D:10)
  19 killer bees
  8 wights
  A howler monkey (D:6)
  6 electric eels
  7 crimson imps
  3 bullfrog zombies
  2 centaur zombies
  A quasit (D:13)
  5 jellies
  A gnoll shaman (Orc:2)
  3 hounds
  3 centaur skeletons
  9 orc priests
  2 bullfrog skeletons
  4 iguanas
  Natasha (D:2)
  Terence (D:2)
  34 orc wizards
  11 worker ants
  2 hell rats (Lair:1)
  3 ogre zombies (D:10)
  3 worker ant zombies
  15 gnolls
  10 adders
  8 river rats
  6 shadow imps
  An ooze (D:1)
  2 adder zombies
  2 adder skeletons
  2 worms
  5 dart slugs
  2 leopard geckos
  64 orcs
  9 giant cockroaches
  9 goblins
  8 hobgoblins
  10 jackals
  3 quokkas
  2 ball pythons
  13 bats
  5 frilled lizards
  2 goblin skeletons (D:10)
  2 goblin zombies (D:10)
  A hobgoblin skeleton (D:10)
  3 hobgoblin zombies (D:10)
  17 kobolds
  An orc skeleton (D:10)
  10 orc zombies (D:10)
  12 rats
  A fulminant prism (Orc:2)
  A fungus (Lair:3)
  A plant (Lair:5)
616 creatures vanquished.

Vanquished Creatures (collateral kills)
  Grinder (D:6)
  Prince Ribbit (D:7)
  3 yaks (Lair:1)
  Sigmund (D:3)
  3 ogres
  2 centaurs
  2 bullfrogs
  A gnoll sergeant (D:8)
  A scorpion (D:5)
  A troll zombie (D:10)
  A killer bee (D:7)
  A crimson imp (D:5)
  3 hounds
  An orc priest (D:5)
  Crazy Yiuf (D:6)
  2 gnoll shamans
  Jessica (D:3)
  2 iguanas
  Natasha (twice) (D:2)
  2 worker ants
  A worker ant zombie (D:8)
  2 adders (D:5)
  11 gnolls
  A river rat (D:5)
  An adder zombie (D:7)
  A worm (D:5)
  An adder skeleton (D:6)
  2 leopard geckos
  9 orcs
  A ball python (D:6)
  A bat (Sewer)
  A frilled lizard (Sewer)
64 creatures vanquished.

Vanquished Creatures (others)
  An orc (Orc:2)
  237 fulminant prisms
  2 fungi (Lair:3)
  5 plants (Lair:3)
  2 withered plants (Orc:2)
247 creatures vanquished.

Grand Total: 927 creatures vanquished

Notes
Turn   | Place    | Note
-------+----------+-------------------------------------------
     0 | D:1      | Luthien the Deep Elf Wizard began the quest for the Orb.
     0 | D:1      | Reached XP level 1. HP: 10/10 MP: 7/7
   274 | D:1      | Reached XP level 2. HP: 15/15 MP: 5/9
   589 | D:1      | Reached skill level 2 in Conjurations
   802 | D:1      | Reached skill level 5 in Spellcasting
   978 | D:2      | Reached XP level 3. HP: 19/19 MP: 4/11
  1370 | D:2      | Learned a level 2 spell: Blink
  1373 | D:2      | Learned a level 2 spell: Call Imp
  1387 | D:2      | Found a faded altar of an unknown god.
  1562 | D:2      | Noticed Terence
  1599 | D:2      | Killed Terence
  1695 | D:2      | Noticed Natasha
  1702 | D:2      | Killed Natasha
  1702 | D:2      | Reached XP level 4. HP: 24/24 MP: 3/14
  1720 | D:2      | Noticed Natasha
  1729 | D:2      | Killed Natasha
  2129 | D:2      | Noticed Natasha
  2140 | D:2      | Killed Natasha
  2253 | D:3      | Noticed Jessica
  2259 | D:3      | Killed Jessica
  2259 | D:3      | Reached XP level 5. HP: 28/28 MP: 7/16
  2677 | D:3      | Noticed Sigmund
  2685 | D:3      | Killed Sigmund
  3149 | D:3      | Reached XP level 6. HP: 32/32 MP: 13/19
  3929 | D:4      | Identified the Catalogue of the Wumpus
  3960 | D:4      | Learned a level 3 spell: Teleport Other
  4584 | D:4      | Reached XP level 7. HP: 36/36 MP: 16/22
  4789 | D:5      | Entered Level 5 of the Dungeon
  5040 | D:5      | Found Iniedyfe's Distillery.
  5048 | D:5      | Bought a potion of heal wounds for 55 gold pieces
  5198 | D:5      | Found a glowing drain.
  5245 | Sewer    | Entered a sewer
  5250 | Sewer    | Reached skill level 10 in Spellcasting
  6369 | D:6      | Noticed Grinder
  7027 | D:6      | Killed Grinder
  7027 | D:6      | Reached XP level 8. HP: 41/41 MP: 18/25
  7950 | D:6      | Found a staircase to the Ecumenical Temple.
  8313 | D:6      | Found a runed translucent door.
  8314 | D:6      | Noticed Crazy Yiuf
  8361 | D:6      | Killed Crazy Yiuf
  8386 | D:6      | Got a faintly glowing mace
  9421 | Temple   | Entered the Ecumenical Temple
  9509 | Temple   | Became a worshipper of Vehumet
 10487 | D:7      | Reached XP level 9. HP: 45/45 MP: 19/29
 10604 | D:7      | Noticed Prince Ribbit
 11083 | D:7      | Killed Prince Ribbit
 11083 | D:7      | Reached skill level 1 in Fighting
 11408 | D:7      | Found a sparkling altar of Nemelex Xobeh.
 11410 | D:7      | Found a deep blue altar of Sif Muna.
 11412 | D:7      | Found a sacrificial altar of Ru.
 11412 | D:7      | Found a glowing silver altar of Zin.
 11414 | D:7      | Found a hide-covered altar of Uskayaw.
 11431 | D:7      | Found a shimmering altar of Xom.
 11870 | D:8      | Reached * piety under Vehumet
 11870 | D:8      | Offered knowledge of Sting by Vehumet.
 12612 | D:8      | Reached skill level 5 in Stealth
 12724 | D:8      | Reached skill level 5 in Dodging
 13172 | D:8      | Reached skill level 3 in Conjurations
 13397 | D:8      | Learned a level 4 spell: Iskenderun's Mystic Blast
 13660 | D:8      | Noticed Psyche
 13670 | D:8      | Killed Psyche
 13670 | D:8      | Reached skill level 4 in Conjurations
 13830 | D:9      | Reached skill level 5 in Conjurations
 13831 | D:9      | Reached XP level 10. HP: 28/56 MP: 10/30
 14018 | D:9      | Found a runed translucent door.
 14020 | D:9      | Found a shimmering altar of Xom.
 14020 | D:9      | Noticed shugdite's ghost (novice MiFi)
 14022 | D:9      | Noticed a +0 trident of chaos
 14289 | D:9      | Found Qekhlytto's Jewellery Shop.
 14397 | D:9      | Found a staircase to the Lair.
 14450 | D:9      | Found a transporter.
 14450 | D:9      | Noticed a great orb of eyes
 14451 | D:9      | Found a transporter.
 14676 | D:10     | Entered Level 10 of the Dungeon
 14890 | D:10     | Reached skill level 6 in Conjurations
 15388 | D:10     | Reached ** piety under Vehumet
 15388 | D:10     | Offered knowledge of Throw Frost by Vehumet.
 15528 | D:10     | Reached skill level 7 in Conjurations
 16294 | D:10     | Reached skill level 8 in Conjurations
 16748 | D:10     | Found a staircase to the Orcish Mines.
 16945 | D:10     | Reached skill level 9 in Conjurations
 17076 | D:10     | Offered knowledge of Throw Flame by Vehumet.
 17469 | Lair:1   | Entered Level 1 of the Lair of Beasts
 17877 | Lair:1   | Reached skill level 10 in Conjurations
 18205 | Lair:1   | Noticed a spiny frog
 18214 | Lair:1   | Killed a spiny frog
 18469 | Lair:1   | Noticed a spiny frog
 18473 | Lair:1   | Killed a spiny frog
 18473 | Lair:1   | Reached skill level 11 in Conjurations
 18964 | Lair:1   | Reached XP level 11. HP: 60/60 MP: 17/31
 19389 | Lair:2   | Reached *** piety under Vehumet
 19526 | Lair:2   | Reached skill level 12 in Conjurations
 20298 | Lair:3   | Reached skill level 13 in Conjurations
 20601 | Lair:3   | Offered knowledge of Stone Arrow by Vehumet.
 20850 | Lair:2   | Reached skill level 14 in Conjurations
 21125 | Lair:3   | Found a staircase to the Shoals.
 21286 | Lair:3   | Noticed a six-headed hydra
 21291 | Lair:3   | Killed a six-headed hydra
 21862 | Lair:3   | Reached XP level 12. HP: 55/66 MP: 10/32
 21863 | Lair:3   | Reached skill level 15 in Conjurations
 22023 | Lair:3   | Found a hole to the Spider Nest.
 22478 | Lair:4   | Found a runed translucent gate.
 22478 | Lair:4   | Found a runed translucent gate.
 22478 | Lair:4   | Found a runed translucent gate.
 22478 | Lair:4   | Noticed a death ooze
 22764 | Lair:4   | Noticed Aske's ghost (journeyman GrGl)
 22766 | Lair:4   | Found a viscous altar of Jiyva.
 22811 | Lair:4   | Reached skill level 1 in Shields
 22964 | Lair:4   | Noticed Sonja
 22969 | Lair:4   | Killed Sonja
 23000 | Lair:4   | Noticed a six-headed hydra
 23004 | Lair:4   | Killed a six-headed hydra
 23011 | Lair:4   | Learned a level 4 spell: Fulminant Prism
 23068 | Lair:4   | Reached **** piety under Vehumet
 23805 | Lair:5   | Offered knowledge of Airstrike by Vehumet.
 24270 | Lair:5   | Reached skill level 16 in Conjurations
 25140 | D:11     | Found Makuipha's Antique Armour Shop.
 26131 | D:11     | HP: 3/66 [something (9)]
 27323 | D:11     | HP: 1/66 [manticore/volley of spikes (16)]
 27727 | D:12     | Noticed Josephine
 27732 | D:12     | Reached XP level 13. HP: 57/70 MP: 11/33
 27940 | D:11     | Reached skill level 17 in Conjurations
 28203 | D:12     | Noticed Nergalle
 28466 | D:9      | HP: 1/70 [slime creature (9)]
 28773 | D:9      | Got a crude lead ring
 28910 | D:9      | Killed shugdite's ghost
 29110 | Orc:1    | Entered Level 1 of the Orcish Mines
 29389 | Orc:1    | Found a roughly hewn altar of Beogh.
 29844 | Orc:2    | Entered Level 2 of the Orcish Mines
 29993 | Orc:2    | Reached skill level 18 in Conjurations
 29994 | Orc:2    | Paralysed by an orc sorcerer for 3 turns
 30215 | Orc:2    | Found a staircase to the Elven Halls.
 30233 | Orc:2    | Found a runed translucent door.
 30233 | Orc:2    | Noticed Dustman's ghost (journeyman HuGl)
 30249 | Orc:2    | Reached ***** piety under Vehumet
 30273 | Orc:2    | Offered knowledge of Iskenderun's Battlesphere by Vehumet.
 30386 | Orc:2    | Found Matwom's Weapon Emporium.
 30512 | Orc:2    | Found Naguungo's Magic Scroll Boutique.
 30518 | Orc:2    | Bought a scroll of blinking for 105 gold pieces
 30518 | Orc:2    | Bought a scroll of teleportation for 42 gold pieces
 30518 | Orc:2    | Bought a scroll of teleportation for 42 gold pieces
 30634 | Orc:2    | Paralysed by an orc sorcerer for 3 turns
 30804 | Orc:2    | Found Komug's Antique Weapon Boutique.
 30939 | Orc:2    | Found Jaij's Antique Armour Shop.
 30947 | Orc:2    | Bought an embroidered scarf for 296 gold pieces
 31389 | Orc:2    | Found an ancient bone altar of Kikubaaqudgha.
 31443 | Orc:2    | Found Ycuapayx's Distillery.
 31451 | Orc:2    | Bought a potion of heal wounds for 80 gold pieces
 31451 | Orc:2    | Bought a potion of magic for 128 gold pieces
 31451 | Orc:2    | Bought a potion of curing for 48 gold pieces
 31490 | Orc:2    | Found a radiant altar of Vehumet.
 31517 | Orc:2    | Paralysed by an orc sorcerer for 4 turns
 31627 | Orc:2    | Reached skill level 19 in Conjurations
 31829 | Orc:2    | Found a roughly hewn altar of Beogh.
 31833 | Orc:2    | Found Ysaby's Book Boutique.
 32027 | Orc:2    | Learned a level 5 spell: Iskenderun's Battlesphere
 32285 | D:12     | Killed Josephine
 32313 | D:12     | HP: 1/70 [slime creature (19)]
 33161 | D:12     | Killed Nergalle
 33371 | D:12     | Offered knowledge of Yara's Violent Unravelling by Vehumet.
 33380 | D:12     | Reached XP level 14. HP: 74/76 MP: 22/34
 34138 | D:13     | You fall through a shaft!
 34351 | D:13     | Reached skill level 20 in Conjurations
 36281 | D:13     | Found a gate to the Vaults.
 36960 | D:14     | Reached skill level 5 in Fighting
 37245 | D:14     | Noticed Frances
 37260 | D:14     | HP: 1/78 [something[the player character] (22)]
 38158 | D:14     | Found a radiant altar of Vehumet.
 38489 | D:14     | Found a runed translucent door.
 38489 | D:14     | Noticed Borgoz's ghost (journeyman GrGl)
 38538 | D:14     | Killed from afar by Frances

Skill      XL: |  1  2  3  4  5  6  7  8  9 10 11 12 13 14 |
---------------+-------------------------------------------+-----
Conjurations   | 2 5 11 14 16 19 20 | 20.9
Spellcasting   | 5 6 7 8 9 11 14 | 14.0
Summonings     | 3 |  3.0
Translocations | 3 |  3.0
Fighting       | 3 4 5 |  5.0
Dodging        | 5 6 7 |  7.0
Stealth        | 5 6 7 |  7.0
Shields        | 4 |  4.0

Action                   |  1- 3 |  4- 6 |  7- 9 | 10-12 | 13-15 || total
-------------------------+-------+-------+-------+-------+-------++-------
Melee: Unarmed           |     7 |       |       |       |       ||     7
       Dagger            |       |     3 |       |       |       ||     3
       Spear             |       |    10 |       |       |       ||    10
       Staff             |       |       |       |     6 |     5 ||    11
 Fire: Hunting sling     |       |     6 |    20 |       |       ||    26
Throw: Stone             |       |       |     7 |     1 |     1 ||     9
 Cast: Magic Dart        |    71 |   154 |   377 |   186 |   190 ||   978
       Call Imp          |     6 |    25 |   192 |    34 |     2 ||   259
       Blink             |       |     2 |    20 |    14 |    13 ||    49
       Teleport Other    |       |     1 |     1 |       |       ||     2
       Iskenderun's Myst |       |       |     9 |   317 |    88 ||   414
       Fulminant Prism   |       |       |       |    33 |   207 ||   240
       Iskenderun's Batt |       |       |       |       |    36 ||    36
Evoke: Wand              |       |       |       |    15 |    16 ||    31
  Use: Scroll            |       |       |    18 |    15 |     1 ||    34
       Potion            |       |       |     1 |     4 |     4 ||     9
  Eat: Chunk             |     2 |     9 |    37 |    47 |    34 ||   129
       Ration            |       |       |     1 |     1 |       ||     2
Armor: Robe              |     1 |     9 |    88 |    48 |    22 ||   168
Dodge: Dodged            |    17 |    26 |   261 |   100 |   100 ||   504
       Deflected         |       |       |       |       |    17 ||    17
Block: Buckler           |       |       |     3 |    39 |    24 ||    66
       Shield            |       |       |       |       |    39 ||    39
